 Dungeon Crawl Stone Soup version 0.17-a0-2127-g1cb09f6 (console) character file.

290 endege the Shield-Bearer (level 6, 0/62 HPs)
             Began as a Troll Fighter on Oct 22, 2015.
             Was an Initiate of the Shining One.
             Slain by an ogre
             ... wielding a +0 giant club
              (5 damage)
             ... on level 5 of the Dungeon.
             The game lasted 00:13:15 (2808 turns).

endege the Shield-Bearer (Troll Fighter)            Turns: 2808, Time: 00:13:16

Health: 0/62       AC:  5    Str: 25    XL:     6   Next: 9%
Magic:  5/5        EV:  4    Int:  4    God:    the Shining One [......]
Gold:   116        SH: 10    Dex: 11    Spells: 0 memorised, 5 levels left

rFire  . . .     SeeInvis .     a - +0 flail
rCold  . . .     Clarity  .     b - +0 robe
rNeg   . . .     SustAt   .     c - +0 shield
rPois  .         Gourm    +     (helmet restricted)
rElec  .         Spirit   .     (no cloak)
rCorr  .         Warding  .     (gloves unavailable)
rMut   .         Stasis   .     (boots unavailable)
MR     .....                    (no amulet)
Stlth  +.........               (no ring)
                                (no ring)

@: lethally poisoned (0 -> -1), not resistant to hostile enchantments, very
unstealthy
A: unfitting armour, claws 3, fast metabolism 3, gourmand, regeneration 2,
shaggy fur 1, tough skin 2
a: Renounce Religion


You were on level 5 of the Dungeon.
You worshipped the Shining One.
The Shining One was noncommittal.
You were not hungry.

You visited 1 branch of the dungeon, and saw 5 of its levels.

You collected 116 gold pieces.

Inventory:

Hand Weapons
 a - a +0 flail (weapon)
Missiles
 g - a throwing net (quivered)
Armour
 b - a +0 robe (worn)
 c - a +0 shield (worn)
Scrolls
 h - a scroll of magic mapping {unknown}
 j - a scroll of blinking {unknown}
 m - a scroll of fear {unknown}
 n - 2 scrolls of identify {unknown}
 p - a scroll of remove curse {unknown}
Potions
 d - 2 potions of might
 i - 4 potions of curing {unknown}
 k - a potion of degeneration {unknown}
 o - a potion of magic {unknown}
Comestibles
 e - 2 bread rations
 f - 10 fruits
 l - 3 chunks of flesh


   Skills:
 + Level 3.8 Fighting
 - Level 2.0 Maces & Flails
 - Level 2.5 Dodging
 + Level 4.6 Shields


You had 5 spell levels left.
You didn't know any spells.

Dungeon Overview and Level Annotations

Branches:
Dungeon (5/15)
 Temple: D:4-7

Altars:
Fedhas
Ru
Xom
Zin
The Shining One

Annotations:
D:4 Grinder


Innate Abilities, Weirdness & Mutations

You are too large for most types of armour.
You have claws for hands.
Your metabolism is lightning-fast.
You like to eat raw meat.
You heal very quickly.
You are covered in fur (AC +1).
You have very tough skin (AC +2).


Message History

The scorpion poisons you!
You can move again.
You slide downwards.
The hatch slams shut behind you.
An orc and an ogre come into view.
You feel sick.
The ogre shouts!
Found a scale mail.
Found two stone staircases leading up.
A shadow imp comes into view.
A ball python and an orc come into view.
You feel sick.
The shadow imp shouts, "Taste defeat, thou surly knotty-pated measle!"
An adder comes into view.
You feel sick.
The adder moves out of view.
The shadow imp puffs mist at you.
Found a helmet.
You see here a scale mail.
There is a stone staircase leading up here.
The orc shouts!
The ogre hits you with a giant club.
You die...

..# #..### ###
#...[ #...
#... #....
#.o. #.....
##...#####...#
##.<...##....#
#...5S[....#
#..####@Oo..#
###.S....#
##....##
#...## #..##
##.# .#


You could see an ogre, an adder, a shadow imp, 2 orcs and a ball python.

Vanquished Creatures
  An ogre (D:4)
  A giant frog (D:3)
  2 worker ants (D:4)
  A hound zombie (D:4)
  2 adders
  A worm (D:2)
  A giant gecko (D:2)
  An orc (D:4)
  A ball python (D:3)
  2 giant cockroaches (D:3)
  7 goblins
  5 hobgoblins
  11 jackals
  10 bats
  5 giant newts
  9 kobolds
  9 rats
69 creatures vanquished.

Notes
Turn   | Place    | Note
--------------------------------------------------------------
     0 | D:1      | endege the Troll Fighter began the quest for the Orb.
     0 | D:1      | Reached XP level 1. HP: 22/22 MP: 0/0
   232 | D:1      | Reached XP level 2. HP: 29/29 MP: 1/1
  1225 | D:2      | Found a shimmering altar of Xom.
  1228 | D:2      | Found a blossoming altar of Fedhas.
  1228 | D:2      | Found a sacrificial altar of Ru.
  1230 | D:2      | Reached XP level 3. HP: 36/36 MP: 2/2
  1231 | D:2      | Found a glowing silver altar of Zin.
  1294 | D:2      | Reached skill level 3 in Shields
  2252 | D:3      | Reached XP level 4. HP: 40/45 MP: 3/3
  2431 | D:3      | Noticed a giant frog
  2435 | D:3      | Killed a giant frog
  2435 | D:3      | Reached XP level 5. HP: 36/53 MP: 4/4
  2622 | D:4      | Found a glowing golden altar of the Shining One.
  2624 | D:4      | Became a worshipper of the Shining One
  2652 | D:4      | Reached skill level 4 in Shields
  2725 | D:4      | Noticed an ogre
  2730 | D:4      | Killed an ogre
  2730 | D:4      | Reached XP level 6. HP: 29/62 MP: 5/5
  2759 | D:4      | Noticed Grinder
  2759 | D:4      | Noticed a sky beast
  2797 | D:4      | Paralysed by Grinder for 6 turns
  2803 | D:5      | Entered Level 5 of the Dungeon
  2806 | D:5      | HP: 3/62 [poisoned by a scorpion]
  2808 | D:5      | Slain by an ogre

Vault maps used:
D:1:      dpeg_arrival_sounds_slurp
D:2:      grunt_temple_overflow_open
D:3:      fountainhead
D:4:      serial_shops, shop, first_bread, tso_metal_star, uniq_grinder
D:5:      nicolae_overflow_crystal_walls

Action                   |  1- 3 |  4- 6 || total
-------------------------+-------+-------++-------
Melee: Flail             |   180 |    72 ||   252
 Stab: Sleeping          |     1 |       ||     1
  Eat: Chunk             |    11 |     4 ||    15
       Bread ration      |     2 |       ||     2
